 Dungeon Crawl Stone Soup version 0.15.0-14-g6bbbb5c (console) character file.

1831 gw the Cleaver (level 8, -12/75 HPs)
             Began as a Deep Dwarf Fighter on Sept 4, 2014.
             Mangled by gw's ghost (16 damage)
             ... on Level 6 of the Dungeon.
             The game lasted 00:03:29 (4427 turns).

gw the Cleaver (Deep Dwarf Fighter)                 Turns: 4427, Time: 00:03:29

HP -12/75        AC 11     Str 21      XL: 8   Next: 86%
MP   5/5         EV  7     Int  8      God:
Gold 0           SH  0     Dex 12 (14) Spells:  0 memorised,  7 levels left

rFire  . . .     SeeInvis .     a - +2 war axe
rCold  . . .     Clarity  .     k - +0 chain mail
rNeg   . . .     rCorr    .     (no shield)
rPois  .         rRot     .     (no helmet)
rElec  .         Spirit   .     m - +0 cloak
SustAb .         Warding  .     (no gloves)
rMut   .         Stasis   .     (no boots)
Gourm  .                        (no amulet)
MR     +....                    (no ring)
                                (no ring)

@: non-regenerating, somewhat resistant to hostile enchantments, extremely
unstealthy
A: damage resistance, recharge devices, sense surroundings 1, slow healing 3
a: Device Recharging


You were on level 6 of the Dungeon.
You were not hungry.

You visited 1 branch of the dungeon, and saw 6 of its levels.

Inventory:

Hand weapons
 a - a +2 war axe (weapon)
Missiles
 h - 3 tomahawks of returning (quivered)
 l - 112 stones
 q - 7 tomahawks
Armour
 k - a +0 chain mail (worn)
 m - a +0 cloak (worn)
Magical devices
 d - a wand of heal wounds (5)
Comestibles
 f - 4 bread rations
 i - 5 beef jerkies
Scrolls
 c - 4 scrolls of remove curse
 g - 5 scrolls of identify
Potions
 b - 2 potions of poison {unknown}
 j - a potion of curing


   Skills:
 + Level 5.5 Fighting
 * Level 8.4 Axes
 + Level 4.4 Throwing
 + Level 6.1 Armour
   Level 3.2 Shields


You had 7 spell levels left.
You didn't know any spells.

Dungeon Overview and Level Annotations

Branches:
Dungeon (6/15)             Temple (0/1) D:6

Altars:
Dithmenos
Kikubaaqudgha

Annotations:
D:2 exclusion: downstairs
D:4 exclusion: 2 downstairs
D:6 gw's ghost, experienced DDFi


Innate Abilities, Weirdness & Mutations

You are resistant to damage.
You can recharge devices by infusing magical energy.
You passively map a small area around you.
You do not heal naturally.


Message History

You closely miss gw's ghost.
Gw's ghost is severely damaged.
Gw's ghost hits you.
FLEEEEING!
ATTACKING (1,0)
You closely miss gw's ghost.
Gw's ghost is severely damaged.
Gw's ghost hits you.
FLEEEEING!
ATTACKING (1,0)
You slash gw's ghost!
Gw's ghost is almost destroyed.
Gw's ghost hits you!! Gw's ghost hits you.
Use which ability? (? or * to list)
You fail to use your ability.
Gw's ghost hits you!
Use which ability? (? or * to list) Charge which item? (? for menu, Esc to quit)
Your wand of heal wounds (0) glows for a moment and now has 5 charges.
Gw's ghost hits you!!
You die...

* *, #####'### , , ,#..#....# ,
,, #.##'### # #####* ###..#.#
#.#...# #......# ###########
..##.#...####.##.#.###..........
..........#..........'.....$....
..........#.#.###..###......|...
..........[#.#.#gW....#..........
..##...)#[#.#.#.#.>.$...%####'##
.........)[......####.###.# #.#
*#######.#)#...###......#.####.#
####.......#########....#......#
#.....##................#.######
#.....##..##########.......#...#
#......#..# #...###.#.#.##
#.....##..# #...# #.#.#...


You could see gw's ghost.

Table legend:
 A = Turns spent in this place as a percentage of turns spent in the entire game.
 B = Non-inter-level travel turns spent in this place as a percentage of non-inter-level travel turns spent in the entire game.
 C = Inter-level travel turns spent in this place as a percentage of turns spent in this place.
 D = Turns resting spent in this place as a percentage of non-inter-level travel turns spent in this place.
 E = Turns spent auto-exploring this place as a percentage of non-inter-level travel turns spent in this place.
 F = Non-inter-level travel turns spent in this place divided by the number of levels of this place that you've seen.
                   A       B       C       D       E      F
               +-------+-------+-------+-------+-------+----------------------
         Total | 100.0 | 100.0 |   3.0 |   0.7 |  14.7 | 268.0
       Dungeon | 100.0 | 100.0 |   3.0 |   0.7 |  14.7 | 268.0
               +-------+-------+-------+-------+-------+----------------------

Table legend:
 A = Kills in this place as a percentage of kills in entire the game.
 B = Kills by you in this place as a percentage of kills by you in the entire game.
 C = Kills by friends in this place as a percentage of kills by friends in the entire game.
 D = Other kills in this place as a percentage of other kills in the entire game.
 E = Experience gained in this place as a percentage of experience gained in the entire game.
 F = Experience gained in this place divided by the number of levels of this place that you have seen.
                   A       B       C       D       E      F
               +-------+-------+-------+-------+-------+----------------------
         Total | 100.0 | 100.0 |  -nan |  -nan | 100.0 | 436.2
       Dungeon | 100.0 | 100.0 |  -nan |  -nan | 100.0 | 436.2
               +-------+-------+-------+-------+-------+----------------------

Vanquished Creatures
  Pikel (D:6)
  The ghost of gw the Covered, an average DDFi (D:4)
  An ogre (D:3)
  3 slaves (D:6)
  A centaur (D:5)
  2 ice beasts
  2 sky beasts (D:5)
  A big kobold (D:4)
  The ghost of gw the Chucker, a weakling CeHu (D:3)
  A water moccasin zombie (D:5)
  An orc wizard (D:6)
  A giant frog (D:6)
  2 crimson imps
  Crazy Yiuf (D:4)
  A hound (D:5)
  2 worker ants
  Ijyb (D:2)
  4 gnolls (D:5)
  6 adders
  3 shadow imps
  3 worms (D:2)
  An inept item mimic (D:3)
  2 oozes
  9 orcs
  A bat skeleton (D:4)
  A bat zombie (D:5)
  7 giant cockroaches
  10 hobgoblins
  11 jackals
  14 kobolds
  2 quokkas
  2 ball pythons
  7 bats
  3 giant newts
  8 goblins
  3 orc skeletons
  8 rats
128 creatures vanquished.

Vanquished Creatures (others)
  A slave (D:6)
  An orc (D:6)
2 creatures vanquished.

Grand Total: 130 creatures vanquished

Notes
Turn   | Place    | Note
--------------------------------------------------------------
     0 | D:1      | gw, the Deep Dwarf Fighter, began the quest for the Orb.
     0 | D:1      | Reached XP level 1. HP: 20/20 MP: 1/1
   204 | D:1      | Reached XP level 2. HP: 24/27 MP: 2/2
   612 | D:2      | Found a shadowy altar of Dithmenos.
   648 | D:2      | Noticed Ijyb
   659 | D:2      | Killed Ijyb
   659 | D:2      | Reached skill level 1 in Throwing
   659 | D:2      | Reached XP level 3. HP: 20/34 MP: 3/3
  1106 | D:2      | Reached XP level 4. HP: 14/42 MP: 4/4
  1439 | D:3      | Reached skill level 4 in Axes
  1452 | D:3      | Noticed an ogre
  1485 | D:3      | Killed an ogre
  1485 | D:3      | Reached XP level 5. HP: 42/50 MP: 5/5
  1819 | D:3      | Noticed gw's ghost (weakling CeHu)
  1838 | D:3      | Killed gw's ghost
  1838 | D:3      | Reached XP level 6. HP: 22/57 MP: 6/6
  1949 | D:3      | Reached skill level 5 in Axes
  2001 | D:3      | Noticed an ice beast
  2015 | D:3      | Killed an ice beast
  2528 | D:4      | Noticed Crazy Yiuf
  2534 | D:4      | Killed Crazy Yiuf
  2788 | D:4      | Reached XP level 7. HP: 33/64 MP: 7/7
  2870 | D:4      | Noticed gw's ghost (average DDFi)
  2932 | D:5      | Entered Level 5 of the Dungeon
  2964 | D:4      | Killed gw's ghost
  2964 | D:4      | Reached skill level 6 in Axes
  3322 | D:5      | Found an ancient bone altar of Kikubaaqudgha.
  3388 | D:5      | Reached skill level 5 in Armour
  3555 | D:5      | Reached XP level 8. HP: 33/73 MP: 8/8
  3604 | D:5      | Reached skill level 7 in Axes
  3762 | D:5      | Reached skill level 5 in Fighting
  4065 | D:6      | Noticed Pikel
  4075 | D:6      | Killed Pikel
  4075 | D:6      | Reached skill level 8 in Axes
  4332 | D:6      | Found a staircase to the Ecumenical Temple.
  4334 | D:6      | Noticed gw's ghost (experienced DDFi)
  4427 | D:6      | Mangled by gw's ghost

Action                   |  1- 3 |  4- 6 |  7- 9 || total
-------------------------+-------+-------+-------++-------
Melee: War axe           |    81 |   121 |   189 ||   391
Throw: Stone             |    89 |    75 |       ||   164
       Tomahawk          |       |     7 |    37 ||    44
 Abil: Device Recharging |       |       |     3 ||     3
Evoke: Wand              |       |     3 |    16 ||    19
  Use: Scroll            |     6 |     3 |     3 ||    12
       Potion            |     3 |     4 |     4 ||    11
  Eat: Chunk             |     1 |     6 |     7 ||    14

Vault maps used:
D:1:      lightli_arrival_statuegarden, hex_tiny
D:2:      grunt_dithmenos_smoke, uniq_iyjb
D:3:      first_bread, minmay_misc_feat_enclosed
D:4:      lexackson_kobold_supper, uniq_crazy_yiuf_cottage
D:5:      basic_altar
D:6:      grunt_temple_overflow_holy_war, kennysheep_mini, temple_green,
          serial_glass, glass_columns_b, glass_columns_a, st_stairs_9,
          abandoned_shop, uniq_blork_the_orc, uniq_pikel
